[Event "Titled Tuesday Blitz March 28 Early 2023"]
[White "Andreev, Konstantin"]
[Black "Sasikiran, Krishnan"]
[WhiteFideId "24239305"]
[BlackFideId "5004985"]
[WhiteElo "2106"]
[BlackElo "2567"]
[Result "0-1"]
[Round "01"]
[TimeControl "180+2"]
[Date "2023.03.28"]
[WhiteClock "0:01:13"]
[BlackClock "0:01:12"]

1. e4 c5 2. Nf3 d6 3. d4 cxd4 4. Nxd4 Nf6 5. Nc3 a6 6. h4 e5 7. Nb3 Be6 8. f4 g6 9. Be2 Nc6 10. Be3 d5 11. exd5 Nxd5 12. Nxd5 Bxd5 13. Bf3 e4 14. Be2 Bg7 15. c3 O-O 16. h5 Re8 17. Qd2 Be6 18. O-O-O Qc7 19. Kb1 Rad8 20. Qc2 Ne7 21. g3 Nf5 22. Bf2 e3 23. Be1 Bd5 24. Rh2 Be4 25. Bd3 Rxd3 26. Rxd3 Bf8 27. hxg6 hxg6 28. Nc1 Rd8 29. g4 Rxd3 30. Nxd3 Qc4 31. Kc1 Bxd3 32. Qg2 Qxa2 0-1


[Site "https://www.chess.com"]

[Event "Titled Tuesday Blitz March 28 Early 2023"]
[White "Dardha, Daniel"]
[Black "Bethke, Richard"]
[WhiteFideId "240990"]
[BlackFideId "12959243"]
[WhiteElo "2581"]
[BlackElo "2369"]
[Result "1-0"]
[Round "01"]
[TimeControl "180+2"]
[Date "2023.03.28"]
[WhiteClock "0:02:19"]
[BlackClock "0:01:58"]

1. e4 c6 2. Qg4 d5 3. Qg3 Nf6 4. e5 Ne4 5. Qf4 g5 6. Qe3 Qa5 7. Nc3 Nxc3 8. dxc3 h6 9. h4 g4 10. Ne2 Bf5 11. Nd4 Bg6 12. e6 f5 13. Qe5 Rh7 14. h5 Bg7 15. Qf4 1-0


[Site "https://www.chess.com"]

[Event "Titled Tuesday Blitz March 28 Early 2023"]
[White "Dixit, Nikhil"]
[Black "Bachmann, Axel"]
[WhiteFideId "5059534"]
[BlackFideId "3700488"]
[WhiteElo "2207"]
[BlackElo "2605"]
[Result "1-0"]
[Round "01"]
[TimeControl "180+2"]
[Date "2023.03.28"]
[WhiteClock "0:00:32"]
[BlackClock "0:00:19"]

1. e4 Nc6 2. Nf3 d6 3. d4 Nf6 4. d5 Nb8 5. Bd3 c6 6. c4 g6 7. O-O Bg7 8. Nc3 O-O 9. Bg5 Bg4 10. h3 Bxf3 11. Qxf3 Nbd7 12. Qe2 a5 13. Rac1 a4 14. Bb1 Qa5 15. f4 Rfc8 16. e5 Nh5 17. e6 Ng3 18. exf7+ Kh8 19. Qxe7 Nxf1 20. Qxd7 Ng3 21. Re1 Qb6+ 22. Kh2 Rf8 23. Kxg3 Qxb2 24. Re8 Qxc3+ 25. Kh2 h6 26. Rxa8 hxg5 27. Rxf8+ Bxf8 28. Qe6 Qc1 29. Qf6+ 1-0


[Site "https://www.chess.com"]

[Event "Titled Tuesday Blitz March 28 Early 2023"]
[White "Svane, Frederik"]
[Black "Sztokbant, Bernardo Vainzoff"]
[WhiteFideId "12923044"]
[BlackFideId "2115956"]
[WhiteElo "2502"]
[BlackElo "2222"]
[Result "1-0"]
[Round "01"]
[TimeControl "180+2"]
[Date "2023.03.28"]
[WhiteClock "0:01:39"]
[BlackClock "0:00:32"]

1. c4 Nf6 2. g3 g6 3. Bg2 Bg7 4. Nc3 O-O 5. d3 c6 6. e4 d6 7. Nge2 Nbd7 8. O-O e5 9. h3 a5 10. Be3 Ne8 11. d4 Qe7 12. Qd2 Nc7 13. Rad1 Re8 14. f4 a4 15. fxe5 dxe5 16. d5 Na6 17. Nxa4 Qb4 18. Qc2 Nac5 19. Nxc5 Nxc5 20. Nc3 Qxc4 21. Qf2 1-0


[Site "https://www.chess.com"]

[Event "Titled Tuesday Blitz March 28 Early 2023"]
[White "Urbina Perez, Juan Antonio"]
[Black "Mitrabha, Guha"]
[WhiteFideId "2217368"]
[BlackFideId "5057000"]
[WhiteElo "2197"]
[BlackElo "2507"]
[Result "0-1"]
[Round "01"]
[TimeControl "180+2"]
[Date "2023.03.28"]
[WhiteClock "0:01:58"]
[BlackClock "0:02:28"]

1. c4 g6 2. g3 Bg7 3. Nf3 c5 4. Bg2 Nc6 5. O-O e6 6. Nc3 Nge7 7. e3 Nf5 8. b3 O-O 9. Bb2 d5 10. cxd5 exd5 11. d4 cxd4 12. Nxd4 Nfxd4 13. Nxd5 Nf5 14. Bxg7 Kxg7 15. Qc2 Nfe7 16. Qb2+ f6 17. Rfd1 Nxd5 18. Rxd5 Qe7 19. Rad1 Be6 20. Rd6 Rad8 0-1


[Site "https://www.chess.com"]

[Event "Titled Tuesday Blitz March 28 Early 2023"]
[White "Vasquez Schroeder, Rodrigo"]
[Black "Koc, Przemyslaw"]
[WhiteFideId "3400042"]
[BlackFideId "1109081"]
[WhiteElo "2600"]
[BlackElo "2161"]
[Result "1-0"]
[Round "01"]
[TimeControl "180+2"]
[Date "2023.03.28"]
[WhiteClock "0:01:52"]
[BlackClock "0:00:23"]

1. d4 d6 2. Nf3 Nf6 3. c4 Nbd7 4. Nc3 e5 5. e4 g6 6. g3 Bg7 7. Bg2 O-O 8. O-O c6 9. Be3 a5 10. h3 Qc7 11. Rc1 Re8 12. Re1 h6 13. d5 c5 14. Nd2 Nf8 15. Kh2 g5 16. Nf1 Ng6 17. Bd2 Bd7 18. Ne3 b6 19. Bf3 a4 20. Bg4 Nxg4+ 21. hxg4 Reb8 22. Qe2 Qb7 23. Nf5 Bf8 24. Kg2 b5 25. Rh1 bxc4 26. Rb1 Bxf5 27. gxf5 Ne7 28. f6 Ng6 29. Bxg5 a3 30. Qh5 Qc8 31. Bxh6 Rxb2 32. Bg5 1-0


[Site "https://www.chess.com"]

[Event "Titled Tuesday Blitz March 28 Early 2023"]
[White "Kubatko, Ivan"]
[Black "Zhigalko, Sergei"]
[WhiteFideId "24111473"]
[BlackFideId "13502956"]
[WhiteElo "2285"]
[BlackElo "2626"]
[Result "0-1"]
[Round "01"]
[TimeControl "180+2"]
[Date "2023.03.28"]
[WhiteClock "0:00:02"]
[BlackClock "0:00:02"]

1. e4 c5 2. Nc3 Nc6 3. f4 g6 4. Nf3 Bg7 5. Bc4 e6 6. f5 Nge7 7. fxe6 fxe6 8. d3 d5 9. Bb3 b5 10. a4 b4 11. Ne2 Na5 12. Ba2 dxe4 13. Ng5 b3 14. cxb3 exd3 15. Nf4 Qd4 16. Qf3 Bb7 17. Nfxe6 Bxf3 18. Nxd4 Bxg2 19. Rg1 Bxd4 20. Rxg2 Nd5 21. Bd2 Nc6 22. O-O-O Ncb4 23. Kb1 O-O 24. Ne6 Rfe8 25. Nxd4 cxd4 26. Rg4 a5 27. Rxd4 Kg7 28. Bc3 Kf8 29. Rc4 Rac8 30. Bd4 Kg8 31. Bc5 Rb8 32. Bxb4 axb4 33. Rd4 Ne3 34. R4xd3 Nxd1 35. Rxd1 Re2 36. Ka1 Rxh2 37. Bb1 Kg7 38. Be4 Rf2 39. Bd5 Rd8 40. a5 Rf5 0-1


[Site "https://www.chess.com"]

[Event "Titled Tuesday Blitz March 28 Early 2023"]
[White "Ibarra Jerez, Jose Carlos"]
[Black "Khamdamova, Afruza"]
[WhiteFideId "2226332"]
[BlackFideId "14210444"]
[WhiteElo "2638"]
[BlackElo "2210"]
[Result "1-0"]
[Round "01"]
[TimeControl "180+2"]
[Date "2023.03.28"]
[WhiteClock "0:00:26"]
[BlackClock "0:00:04"]

1. e4 e5 2. Nf3 Nf6 3. Nc3 Nc6 4. h3 d5 5. exd5 Nxd5 6. Bb5 Nxc3 7. bxc3 Bd6 8. O-O O-O 9. d4 exd4 10. cxd4 Bf5 11. Bg5 Qc8 12. Re1 h6 13. Bd2 Ne7 14. Bf1 Ng6 15. c4 c5 16. d5 Qd7 17. Qb3 b6 18. Bc3 Nf4 19. Ne5 Qd8 20. Bd2 Ng6 21. f4 Re8 22. g4 Bd7 23. Nxd7 Qxd7 24. Qf3 Nh4 25. Qf2 Ng6 26. Bd3 Be7 27. Bc3 Bh4 28. Rxe8+ Rxe8 29. Qf3 Qe7 30. Bxg6 fxg6 31. Be5 g5 32. d6 Qe6 33. Rd1 gxf4 34. Bxf4 Rd8 35. Qd3 Rd7 36. Kg2 a6 37. Rd2 Bf6 38. Re2 Qf7 39. Qf5 Bd4 40. a4 Qxf5 41. gxf5 Kf7 42. Kf3 Bf6 43. Ke4 Ke8 44. Kd5+ Kd8 45. Kc6 1-0


[Site "https://www.chess.com"]

[Event "Titled Tuesday Blitz March 28 Early 2023"]
[White "Pein, Jonathan"]
[Black "Moroni, Luca Jr"]
[WhiteFideId "417092"]
[BlackFideId "865834"]
[WhiteElo "2151"]
[BlackElo "2569"]
[Result "0-1"]
[Round "01"]
[TimeControl "180+2"]
[Date "2023.03.28"]
[WhiteClock "0:00:14"]
[BlackClock "0:00:43"]

1. b3 e5 2. Bb2 Nc6 3. e3 d5 4. Bb5 Bd6 5. f4 f6 6. Nc3 Ne7 7. fxe5 fxe5 8. d4 e4 9. Qd2 Bg4 10. Nge2 O-O 11. O-O-O Rf2 12. Rdf1 Qf8 13. Rxf2 Qxf2 14. Ng3 Rf8 15. Rf1 Qxd2+ 16. Kxd2 Rxf1 17. Nxf1 Nd8 18. Be2 Bxe2 19. Nxe2 Ne6 20. c4 c6 21. Nfg3 Kf7 22. Bc3 g6 23. h3 h5 24. Nf1 Kf6 25. Kc2 Kg5 26. Be1 Nf5 27. Bf2 a6 28. Nfg3 Bxg3 29. Nxg3 Nh4 30. cxd5 cxd5 31. Ne2 Nxg2 32. Nc3 Nc7 33. Kd2 Nh4 34. Bg3 Ne6 35. Nxd5 Nf5 36. Be5 Kh4 37. Nf4 Nxf4 38. Bxf4 g5 39. Be5 Kxh3 40. Ke2 Kg2 41. d5 h4 42. d6 Nxd6 43. Bxd6 h3 44. b4 g4 45. Bh2 Kxh2 0-1


[Site "https://www.chess.com"]

[Event "Titled Tuesday Blitz March 28 Early 2023"]
[White "Deac, Bogdan-Daniel"]
[Black "Vivas Zamora, Fabian Ernesto"]
[WhiteFideId "1226380"]
[BlackFideId "3902480"]
[WhiteElo "2649"]
[BlackElo "2262"]
[Result "1-0"]
[Round "01"]
[TimeControl "180+2"]
[Date "2023.03.28"]
[WhiteClock "0:00:13"]
[BlackClock "0:00:01"]

1. b3 d5 2. Bb2 Bg4 3. Nf3 Nd7 4. g3 Bxf3 5. exf3 Ngf6 6. f4 e6 7. Bg2 Bd6 8. O-O O-O 9. c4 c6 10. d4 b5 11. c5 Bc7 12. Nd2 a5 13. a3 h5 14. Qe2 Re8 15. Nf3 Ne4 16. Ne5 Nxe5 17. fxe5 f5 18. Bc1 h4 19. f3 Nc3 20. Qe1 b4 21. gxh4 Rf8 22. Bg5 Qb8 23. a4 Bd8 24. f4 Ne4 25. Bf3 Bxg5 26. hxg5 g6 27. h4 Kg7 28. Ra2 Rh8 29. Rh2 Rh7 30. Kg2 Qa7 31. Rfh1 Rah8 32. h5 Qa6 33. hxg6 Rxh2+ 34. Rxh2 Rxh2+ 35. Kxh2 Qd3 36. Qh4 Qd2+ 37. Bg2 Kxg6 38. Qh6+ Kf7 39. g6+ Ke7 40. Qg7+ Kd8 41. Qh8+ Kc7 42. Qh4 Nf2 43. Qe7+ Kb8 44. Qd8+ Kb7 45. Qb6+ Ka8 46. Qxc6+ Ka7 47. Qb6+ Ka8 48. Qxa5+ Kb7 49. Qb6+ Ka8 50. Qxe6 Qxf4+ 51. Kg1 Qg3 52. Qxd5+ Kb8 53. Qb7# 1-0


[Site "https://www.chess.com"]

[Event "Titled Tuesday Blitz March 28 Early 2023"]
[White "Shapiro, Viktor"]
[Black "Ider, Borya"]
[WhiteFideId "4175700"]
[BlackFideId "4901134"]
[WhiteElo "2152"]
[BlackElo "2512"]
[Result "0-1"]
[Round "01"]
[TimeControl "180+2"]
[Date "2023.03.28"]
[WhiteClock "0:02:13"]
[BlackClock "0:02:38"]

1. c4 e6 2. Nc3 d5 3. d4 Nf6 4. Nf3 Nbd7 5. Bg5 c6 6. e3 Qa5 7. Nd2 Bb4 8. Qc2 c5 9. Nb3 Qa4 10. a3 Bxc3+ 11. bxc3 dxc4 12. Bxf6 gxf6 0-1


[Site "https://www.chess.com"]

[Event "Titled Tuesday Blitz March 28 Early 2023"]
[White "Movahed, Sina"]
[Black "Grunberg, Mihai-Lucian"]
[WhiteFideId "42520835"]
[BlackFideId "1204149"]
[WhiteElo "2225"]
[BlackElo "2363"]
[Result "1-0"]
[Round "01"]
[TimeControl "180+2"]
[Date "2023.03.28"]
[WhiteClock "0:02:04"]
[BlackClock "0:02:22"]

1. e4 Nf6 2. e5 Nd5 3. d4 d6 4. c4 Nb6 5. f4 dxe5 6. fxe5 c5 7. d5 g6 8. Nc3 Bg7 9. Bf4 O-O 10. Qd2 e6 11. O-O-O exd5 12. cxd5 Bg4 13. Be2 Bxe2 14. Qxe2 Re8 15. Nf3 N8d7 16. Rhe1 c4 17. e6 fxe6 18. dxe6 Qf6 19. Bg5 Qf5 20. exd7 Rxe2 21. d8=Q+ Rxd8 22. Rxd8+ Kf7 23. Rxe2 Bf6 24. Bxf6 Qxf6 25. Rd4 g5 26. Rde4 h5 27. Re7+ Kf8 28. Re8+ Kf7 29. R2e7+ 1-0


[Site "https://www.chess.com"]

[Event "Titled Tuesday Blitz March 28 Early 2023"]
[White "Forgacs, Attila Jr."]
[Black "Ozen, Deniz"]
[WhiteFideId "773654"]
[BlackFideId "6349196"]
[WhiteElo "2168"]
[BlackElo "2303"]
[Result "0-1"]
[Round "01"]
[TimeControl "180+2"]
[Date "2023.03.28"]
[WhiteClock "0:01:23"]
[BlackClock "0:01:31"]

1. e4 e5 2. Nf3 Nf6 3. Nxe5 d5 4. exd5 Qxd5 5. Nf3 Nc6 6. Nc3 Qh5 7. Be2 Bg4 8. d3 Bb4 9. O-O O-O-O 10. h3 Bd6 11. a4 Bxh3 12. gxh3 Qxh3 13. Nb5 Ng4 14. Nxd6+ Rxd6 15. Bf4 Rg6 16. Bg3 Ne3 17. Nh4 Rxg3+ 18. fxg3 Qxg3+ 19. Kh1 Qxh4+ 0-1


[Site "https://www.chess.com"]

[Event "Titled Tuesday Blitz March 28 Early 2023"]
[White "Shimanov, Aleksandr"]
[Black "Manukian, Artak"]
[WhiteFideId "4198603"]
[BlackFideId "13301373"]
[WhiteElo "2631"]
[BlackElo "2130"]
[Result "1-0"]
[Round "01"]
[TimeControl "180+2"]
[Date "2023.03.28"]
[WhiteClock "0:00:30"]
[BlackClock "0:00:02"]

1. d4 d5 2. Nc3 c6 3. e4 dxe4 4. Nge2 Nf6 5. Ng3 Bg4 6. Be2 Bxe2 7. Qxe2 Qxd4 8. Bf4 Nbd7 9. Rd1 Qb4 10. O-O Nc5 11. Be5 e6 12. a3 Qxb2 13. Rb1 Qxa3 14. Ra1 Qb4 15. Rfb1 Ncd7 16. Rxb4 Bxb4 17. Bxf6 Nxf6 18. Ncxe4 Be7 19. Rb1 b6 20. Nxf6+ Bxf6 21. Nh5 Ke7 22. Qf3 Rhc8 23. g3 b5 24. Qa3+ Ke8 25. Rd1 a5 26. Rd3 a4 27. Nxf6+ gxf6 28. Rd4 c5 29. Rg4 Ke7 30. c3 f5 31. Rh4 Rc7 32. Kg2 1-0


[Site "https://www.chess.com"]

[Event "Titled Tuesday Blitz March 28 Early 2023"]
[White "Nguyen Hong Nhung"]
[Black "Grigoriants, Sergey"]
[WhiteFideId "12412201"]
[BlackFideId "4130804"]
[WhiteElo "1904"]
[BlackElo "2502"]
[Result "0-1"]
[Round "01"]
[TimeControl "180+2"]
[Date "2023.03.28"]
[WhiteClock "0:01:34"]
[BlackClock "0:01:41"]

1. e4 c5 2. Nc3 e6 3. f4 d5 4. Nf3 dxe4 5. Nxe4 Be7 6. g3 Nf6 7. d3 b6 8. Bg2 Bb7 9. Nxf6+ Bxf6 10. O-O O-O 11. Rb1 Qc7 12. Qe2 Nc6 13. Be3 Nd4 14. Qf2 Rad8 15. Rfd1 Nf5 16. Bd2 h5 17. Bc3 Bd4 18. Bxd4 cxd4 19. Rdc1 Rd6 20. c3 dxc3 21. Rxc3 Qd8 22. Rd1 Bd5 23. a3 Qa8 24. Ng5 Bxg2 25. Qxg2 Qxg2+ 26. Kxg2 Ne3+ 27. Kf3 Nxd1 28. Rc7 Nxb2 29. Rxa7 Nxd3 0-1


[Site "https://www.chess.com"]

[Event "Titled Tuesday Blitz March 28 Early 2023"]
[White "Rakhmanov, Aleksandr"]
[Black "Novikov, Evgenij"]
[WhiteFideId "4173708"]
[BlackFideId "4125380"]
[WhiteElo "2530"]
[BlackElo "2242"]
[Result "1-0"]
[Round "01"]
[TimeControl "180+2"]
[Date "2023.03.28"]
[WhiteClock "0:01:26"]
[BlackClock "0:00:21"]

1. c4 e6 2. e4 d5 3. exd5 exd5 4. d4 Nf6 5. Nc3 c6 6. Bd3 dxc4 7. Bxc4 Be7 8. Nge2 O-O 9. O-O Nbd7 10. Re1 Nb6 11. Bb3 Bf5 12. Ng3 Bg6 13. f4 h6 14. f5 Bh7 15. Bf4 Bd6 16. Be5 c5 17. Bxf6 Qxf6 18. Nce4 Qe7 19. Qg4 Qc7 20. Nh5 Bxh2+ 21. Kh1 Be5 22. dxe5 Qxe5 23. Nef6+ Qxf6 24. Nxf6+ 1-0


[Site "https://www.chess.com"]

[Event "Titled Tuesday Blitz March 28 Early 2023"]
[White "Wahedi, Ahmad Siar"]
[Black "Costachi, Mihnea"]
[WhiteFideId "4651260"]
[BlackFideId "1217518"]
[WhiteElo "2466"]
[BlackElo "2456"]
[Result "0-1"]
[Round "01"]
[TimeControl "180+2"]
[Date "2023.03.28"]
[WhiteClock "0:00:46"]
[BlackClock "0:00:59"]

1. e4 e5 2. Nf3 Nc6 3. Bb5 a6 4. Ba4 d6 5. c3 Bd7 6. d4 g6 7. h3 Bg7 8. Be3 Nf6 9. Nbd2 O-O 10. O-O h6 11. Re1 Re8 12. Bc2 b5 13. a4 Rb8 14. axb5 axb5 15. d5 Ne7 16. b4 Rf8 17. Bb3 Ne8 18. Nf1 f5 19. exf5 gxf5 20. Qc1 Kh7 21. Bc2 Ng6 22. Ra7 Nf6 23. Rd1 Ra8 24. Qa1 Rxa7 25. Qxa7 f4 26. Nh4 Be8 27. Bc1 Nh5 28. Nxg6 Bxg6 29. Bxg6+ Kxg6 30. Qb7 Qb8 31. Qc6 Rf7 32. c4 bxc4 33. Qxc4 Kh7 34. Bb2 Qd8 35. Qe4+ Kg8 36. Qg6 Qg5 37. Qxg5 hxg5 38. b5 e4 39. Bxg7 Rxg7 40. Re1 Nf6 41. Nd2 Re7 42. Kf1 Kf7 43. g3 Kg6 44. g4 Kf7 45. Re2 Ke8 46. Re1 Kd7 47. Re2 Kc8 48. Ke1 Kb7 49. Kd1 Kb6 50. Kc2 Kxb5 51. Kc3 Kc5 52. Nb3+ Kxd5 53. Rd2+ Ke5 54. Nd4 Nd5+ 55. Kc4 Nb6+ 56. Kb5 Kf6 57. Nf5 Re5+ 58. Kc6 Rc5+ 59. Kb7 Nc4 60. Ra2 e3 61. fxe3 Nxe3 62. Nd4 Ke5 63. Nc6+ Ke4 64. Kxc7 Nd5+ 65. Kxd6 Rxc6+ 66. Kxc6 Nb4+ 67. Kd6 Nxa2 68. Ke6 f3 69. Kf6 Kf4 0-1


[Site "https://www.chess.com"]

[Event "Titled Tuesday Blitz March 28 Early 2023"]
[White "Ahmadzada, Ahmad"]
[Black "Manukyan, Artyom"]
[WhiteFideId "13413007"]
[BlackFideId "13305786"]
[WhiteElo "2388"]
[BlackElo "2078"]
[Result "1-0"]
[Round "01"]
[TimeControl "180+2"]
[Date "2023.03.28"]
[WhiteClock "0:00:02"]
[BlackClock "0:00:03"]

1. Nf3 d5 2. g3 e6 3. Bg2 Nf6 4. c4 Be7 5. O-O O-O 6. b3 d4 7. e3 c5 8. exd4 cxd4 9. d3 Nc6 10. a3 a5 11. Re1 Nd7 12. Nbd2 e5 13. Ne4 f6 14. g4 Nc5 15. Nxc5 Bxc5 16. Nd2 Be6 17. Ne4 Be7 18. f4 exf4 19. Bxf4 Ne5 20. h3 Qd7 21. Ng5 fxg5 22. Bxe5 Bf6 23. Qd2 h6 24. Re4 Kh8 25. Rae1 Bxe5 26. Rxe5 Rf6 27. Qe2 Bg8 28. b4 axb4 29. axb4 Rb8 30. c5 Qb5 31. c6 Qxb4 32. cxb7 Rxb7 33. Bxb7 Qxb7 34. Qe4 Qb2 35. Rf5 Re6 36. Re5 Rf6 37. Rf1 Rxf1+ 38. Kxf1 Qc1+ 39. Kf2 Qd2+ 40. Kg3 Qc3 41. Re8 Qa1 42. Kf2 Qb2+ 43. Qe2 Qb6 44. Kg3 Qd6+ 45. Qe5 Qa3 46. Qxd4 Qc1 47. Qe3 Qc7+ 48. Kg2 Qc2+ 49. Qe2 Qc6+ 50. Kg3 Qc7+ 51. Re5 Qc1 52. Qe3 Qc2 53. d4 Qa2 54. Re8 Qa7 55. Qe4 Qc7+ 56. Re5 Qc3+ 57. Qe3 Qc4 58. Re7 Qa2 59. Qe5 Qa3+ 60. Kf2 Qb2+ 61. Ke3 Qc3+ 62. Kf2 Qd2+ 63. Kg1 Qc1+ 64. Kg2 Qd2+ 65. Kg3 Qd3+ 66. Qe3 Qd1 67. Re5 Qb1 68. h4 gxh4+ 69. Kxh4 Qh1+ 70. Kg3 Qb1 71. g5 h5 72. Re7 Qg6 73. Qe5 Qd3+ 74. Kh4 Qg6 75. d5 Qd3 76. Qxg7# 1-0


[Site "https://www.chess.com"]

[Event "Titled Tuesday Blitz March 28 Early 2023"]
[White "Abdilkhair, Abilmansur"]
[Black "Rustemov, Alexander"]
[WhiteFideId "13716417"]
[BlackFideId "4119002"]
[WhiteElo "2216"]
[BlackElo "2870"]
[Result "0-1"]
[Round "01"]
[TimeControl "180+2"]
[Date "2023.03.28"]
[WhiteClock "0:00:14"]
[BlackClock "0:01:02"]

1. d4 d5 2. c4 c6 3. Nf3 Nf6 4. Nc3 a6 5. e3 Bf5 6. Be2 e6 7. O-O h6 8. b3 Bd6 9. Bb2 Nbd7 10. Rc1 O-O 11. h3 Ne4 12. Nxe4 Bxe4 13. Nd2 Bg6 14. Bf3 f5 15. Re1 Qe7 16. Nf1 Nf6 17. Ng3 Ne4 18. Bxe4 fxe4 19. Qg4 Qf7 20. Rc2 h5 21. Qe2 h4 22. Nf1 Bh5 23. Qd2 g5 24. Nh2 Qf5 25. Qc1 Rf7 26. Ba3 Bc7 27. b4 g4 28. Nxg4 Bxg4 29. hxg4 Qxg4 30. Kf1 h3 31. gxh3 Qxh3+ 32. Ke2 Qg4+ 33. Kd2 Rxf2+ 34. Kc3 Rxc2+ 35. Kxc2 Rf8 36. Rg1 Rf2+ 37. Kb3 Rg2 38. Rxg2 Qxg2 39. b5 Qe2 40. bxc6 bxc6 41. cxd5 Qb5+ 42. Kc2 Qc4+ 43. Kb2 Qxc1+ 44. Kxc1 exd5 45. Kc2 Kf7 46. Kb3 Ke6 47. Bc1 Ba5 48. Ka4 Be1 49. a3 Kd7 50. Bb2 Bd2 51. Kb3 Bxe3 52. Kb4 Kc7 53. Kc5 Bh6 54. Bc3 Bf8# 0-1


[Site "https://www.chess.com"]

[Event "Titled Tuesday Blitz March 28 Early 2023"]
[White "Salinas Herrera, Pablo"]
[Black "Vafin, Ayrat"]
[WhiteFideId "3407128"]
[BlackFideId "4146530"]
[WhiteElo "2550"]
[BlackElo "2317"]
[Result "1-0"]
[Round "01"]
[TimeControl "180+2"]
[Date "2023.03.28"]
[WhiteClock "0:00:05"]
[BlackClock "0:00:17"]

1. d4 d5 2. Nf3 Nf6 3. c4 e6 4. e3 Be7 5. Nc3 O-O 6. Qc2 b6 7. cxd5 exd5 8. Bd3 c6 9. O-O Bg4 10. Ne5 Bd7 11. Bd2 c5 12. Rad1 c4 13. Nxd7 Qxd7 14. Bf5 Qd8 15. f3 Nc6 16. Bc1 g6 17. Bh3 Nb4 18. Qe2 Nd3 19. Kh1 Re8 20. Rxd3 cxd3 21. Qxd3 Bb4 22. Bd2 Qe7 23. Re1 Rad8 24. Qa6 h5 25. Qa4 Kh8 26. a3 Bxc3 27. bxc3 Qc7 28. Rc1 Rd6 29. g3 Rc6 30. Bf1 Re7 31. Bb5 Rce6 32. Re1 Ne8 33. c4 dxc4 34. Bxc4 Rc6 35. Bb5 Rc2 36. Bb4 Nd6 37. Bd3 Rc1 38. Rd1 Rxd1+ 39. Qxd1 Rxe3 40. Bf1 Nf5 41. d5 Qd7 42. d6 Re6 43. Bc4 Rxd6 44. Bxd6 Qxd6 45. Qe2 Kg7 46. a4 Qf6 47. Kg2 Qd4 48. Bd3 Ne3+ 49. Kh3 Qd7+ 50. g4 hxg4+ 51. fxg4 Qd4 52. Kg3 Qe5+ 53. Kf3 Nd5 54. Qxe5+ Nf6 55. g5 1-0


[Site "https://www.chess.com"]

[Event "Titled Tuesday Blitz March 28 Early 2023"]
[White "Deng, Henry"]
[Black "Chigaev, Maksim"]
[WhiteFideId "30965454"]
[BlackFideId "4108116"]
[WhiteElo "2462"]
[BlackElo "2547"]
[Result "0-1"]
[Round "01"]
[TimeControl "180+2"]
[Date "2023.03.28"]
[WhiteClock "0:00:04"]
[BlackClock "0:00:11"]

1. e4 c5 2. Nc3 Nc6 3. Bb5 Nd4 4. Nf3 e6 5. O-O a6 6. Bd3 Nc6 7. Be2 Qc7 8. d4 cxd4 9. Nxd4 Nf6 10. Be3 Be7 11. Kh1 O-O 12. f4 d6 13. Bf3 Nxd4 14. Bxd4 e5 15. Be3 exf4 16. Bxf4 Be6 17. Qd2 Nd7 18. Rad1 Ne5 19. Ne2 Bc4 20. b3 Bxe2 21. Bxe2 Rac8 22. Bxe5 dxe5 23. Bd3 b5 24. Rf2 g6 25. Rdf1 Kg7 26. a4 bxa4 27. Bxa6 Rcd8 28. Qe2 a3 29. Bc4 f6 30. c3 Rd6 31. Rf3 Rc6 32. Qc2 Rd8 33. Bd5 Ra6 34. Ra1 Rd7 35. Qd3 Rad6 36. b4 f5 37. Qe2 Rxd5 38. exd5 e4 39. Rff1 Qxc3 40. Rfc1 Qxb4 41. Rab1 Qd4 42. Rd1 Qe5 43. Qa2 Bd6 44. g3 h5 45. Qc2 Rc7 46. Qd2 h4 47. Rb3 h3 48. Qe2 Rc3 49. Rb7+ Rc7 50. Rxc7+ Bxc7 51. Qc4 Bd6 52. Qe2 e3 53. Kg1 Qe4 54. Rd3 a2 55. Rd1 Be5 56. Qxa2 e2 57. Qa7+ Kh6 0-1


[Site "https://www.chess.com"]

[Event "Titled Tuesday Blitz March 28 Early 2023"]
[White "demon64fields"]
[Black "Kukula, Pawel"]
[BlackFideId "1115081"]
[WhiteElo "2862"]
[BlackElo "2012"]
[Result "1-0"]
[Round "01"]
[TimeControl "180+2"]
[Date "2023.03.28"]
[WhiteClock "0:01:35"]
[BlackClock "0:00:41"]

1. Nf3 d5 2. g3 c6 3. Bg2 Nf6 4. O-O g6 5. d4 Bg7 6. Nbd2 O-O 7. c3 a5 8. Re1 Bf5 9. Nh4 Bg4 10. h3 Bc8 11. Nhf3 Ne4 12. Nxe4 dxe4 13. Ng5 f5 14. Qb3+ Qd5 15. h4 a4 16. Qc2 h6 17. Nh3 e5 18. dxe5 Qxe5 19. Be3 Qe8 20. Rad1 Be6 21. Qc1 Kh7 22. a3 Nd7 23. f3 exf3 24. exf3 Qf7 25. Nf4 Bb3 26. Rd6 Nf6 27. h5 g5 28. Ng6 Rfe8 29. Bd4 Rxe1+ 30. Qxe1 Re8 31. Qb1 Nxh5 32. g4 Ng3 33. Kh2 Bxd4 34. cxd4 Ne2 35. Ne5 Qg7 36. Qxf5+ Kg8 37. Rg6 1-0


[Site "https://www.chess.com"]

[Event "Titled Tuesday Blitz March 28 Early 2023"]
[White "Salman, Pavel"]
[Black "Koustav, Chatterjee"]
[WhiteFideId "24153753"]
[BlackFideId "25073060"]
[WhiteElo "2187"]
[BlackElo "2432"]
[Result "0-1"]
[Round "01"]
[TimeControl "180+2"]
[Date "2023.03.28"]
[WhiteClock "0:00:12"]
[BlackClock "0:00:20"]

1. d4 Nf6 2. Nc3 d5 3. Bf4 e6 4. Nb5 Na6 5. e3 c6 6. Nc3 Nc7 7. g4 Bd6 8. g5 Bxf4 9. gxf6 Bh6 10. fxg7 Bxg7 11. Nf3 Qe7 12. Bd3 Bd7 13. Rg1 f6 14. Qe2 O-O-O 15. O-O-O e5 16. e4 f5 17. exd5 e4 18. Bc4 Rhe8 19. Ne1 Bh6+ 20. Kb1 Qd6 21. dxc6 Bxc6 22. d5 Bd7 23. Bb3 Na6 24. Ng2 Nc5 25. Ne3 Nxb3 26. axb3 Kb8 27. Nc4 Qf6 28. b4 Bf4 29. b5 Rc8 30. b6 axb6 31. d6 Qd8 32. Nd5 Bb5 33. Nxf4 Bxc4 34. Qh5 Qd7 35. b3 Bg8 36. Qh6 Red8 37. Rg7 Qc6 38. Rd2 Bxb3 39. Qxh7 Bxc2+ 40. Kc1 Bd3+ 41. Kb2 Qc1+ 42. Ka2 Bc4# 0-1


[Site "https://www.chess.com"]

[Event "Titled Tuesday Blitz March 28 Early 2023"]
[White "Moussard, Jules"]
[Black "Rakhimgaliyev, Yerlan"]
[WhiteFideId "642908"]
[BlackFideId "13705148"]
[WhiteElo "2610"]
[BlackElo "2261"]
[Result "1-0"]
[Round "01"]
[TimeControl "180+2"]
[Date "2023.03.28"]
[WhiteClock "0:00:03"]
[BlackClock "0:00:01"]

1. Nf3 Nf6 2. g3 g6 3. Bg2 Bg7 4. O-O O-O 5. d4 d6 6. Nc3 Na6 7. e4 e5 8. Re1 Bg4 9. h3 Bxf3 10. Bxf3 exd4 11. Qxd4 Re8 12. Qd1 Nc5 13. Bg2 c6 14. a4 d5 15. exd5 Rxe1+ 16. Qxe1 cxd5 17. Bg5 d4 18. Nd5 Ne6 19. Bxf6 Bxf6 20. Qb4 Bg7 21. Qxb7 Rb8 22. Qxa7 Rxb2 23. a5 Rxc2 24. Qb6 d3 25. Rd1 Qxb6 26. axb6 Bd4 27. b7 Bxf2+ 28. Kh2 Rb2 29. Rxd3 Kg7 30. Rd2 Bxg3+ 31. Kxg3 Rxb7 32. Rd3 h5 33. h4 Ra7 34. Ne3 Ra4 35. Rc3 Nd4 36. Bf1 Ne6 37. Bc4 Nc5 38. Kf3 Nd7 39. Ke4 Nf6+ 40. Kf4 Nd7 41. Rd3 Nf6 42. Rd6 Rb4 43. Rc6 Rb2 44. Rc7 Rf2+ 45. Ke5 Ng4+ 46. Nxg4 hxg4 47. Bd5 g3 48. Rc3 Rh2 49. Rf3 f5 50. Rxg3 Rxh4 51. Be6 Re4+ 52. Kd6 Kf6 53. Bd5 Rd4 54. Ra3 g5 55. Kc5 Rd2 56. Ra6+ Ke5 57. Re6+ Kf4 58. Re8 g4 59. Rf8 Re2 60. Bc6 Re5+ 61. Kd4 Re7 62. Bd5 g3 63. Rg8 Re1 64. Kc3 Rd1 65. Bb3 Rd7 66. Ba4 Rd6 67. Bc2 Rd5 68. Bb3 Rd7 69. Bc4 Kf3 70. Be6 Rc7+ 71. Kd4 f4 72. Ke5 Rc5+ 73. Bd5+ Ke3 74. Ra8 Rc3 75. Rf8 Ra3 76. Rxf4 g2 77. Rg4 Kf2 78. Rxg2+ Kf1 79. Rb2 Ke1 80. Be4 Rg3 81. Kf4 Rc3 82. Bf3 Kf1 83. Kg3 Ke1 84. Ra2 Rb3 85. Re2+ Kd1 86. Rb2+ Kc1 87. Rxb3 1-0


[Site "https://www.chess.com"]